[Event "*** Titled Tuesday Blitz"]
[Site "Chess.com"]
[Date "2021.02.09"]
[Round "6"]
[White "sergeikim"]
[Black "erlesfar"]
[Result "0-1"]
[WhiteElo "2418"]
[BlackElo "2556"]
[TimeControl "180+1"]
[EndTime "11:05:05 PST"]
[Termination "erlesfar won by resignation"]

1. d4 Nf6 2. c4 c5 3. d5 b5 4. cxb5 a6 5. b6 e6 6. Nc3 Nxd5 7. Nxd5 exd5 8. Qxd5 Nc6 9. e4 Be7 10. Bc4 O-O 11. Nf3 Bb7 12. Qh5 Qxb6 13. O-O Nd4 14.
Nxd4 cxd4 15. Bd3 g6 16. Qh6 Bf6 17. f4 Bg7 18. Qh4 Rae8 19. f5 d5 20. f6 Bh8 21.
Rf3 dxe4 22. Qxh7+ Kxh7 23. Rh3+ Kg8 0-1

[Event "*** Titled Tuesday Blitz"]
[Site "Chess.com"]
[Date "2021.02.09"]
[Round "6"]
[White "vladimirdamjanovic"]
[Black "ViktoriyaTarasova"]
[Result "1-0"]
[WhiteElo "2509"]
[BlackElo "2311"]
[TimeControl "180+1"]
[EndTime "11:05:08 PST"]
[Termination "vladimirdamjanovic won by resignation"]

1. d4 Nf6 2. Nc3 e6 3. e4 d5 4.
e5 Nfd7 5. Nce2 c5 6. c3 Nc6 7. Nf3 Be7 8. a3 a5 9. Nf4 c4 10.
h4 h6 11. a4 Rb8 12. g3 Qc7 13. Bh3 b5 14. axb5 Rxb5 15. Qc2 Rb8 16. Bxe6 Ndxe5 17. Nxe5 Nxe5 18. Bxc8 Nd3+ 19. Nxd3 cxd3 20. Qa4+ Kf8 21.
Bf5 d2+ 22. Bxd2 Rxb2 23. Qxa5 1-0

[Event "*** Titled Tuesday Blitz"]
[Site "Chess.com"]
[Date "2021.02.09"]
[Round "6"]
[White "jefferyx"]
[Black "LiamVrolijk"]
[Result "1/2-1/2"]
[WhiteElo "3000"]
[BlackElo "2890"]
[TimeControl "180+1"]
[EndTime "11:05:09 PST"]
[Termination "Game drawn by repetition"]

1. e4 e5 2. Nf3 Nc6 3. Nc3 Nf6 4. d4 exd4 5. Nxd4 Bb4 6. Nxc6 bxc6 7. Bd3 O-O 8. O-O d5 9. exd5 Bg4 10. f3 Bh5 11.
dxc6 Qd4+ 12. Kh1 Bxc3 13. bxc3 Qxc3 14. Rb1 Bg6 15. Rb3 Qxc6 16. Bb2 Bxd3 17. cxd3 Rab8 18. Qa1 Rxb3 19. axb3 Qb6 20. Rc1 Rd8 21. Be5 Qxb3 22. Bxf6 gxf6 23. Qxf6 Rxd3 24. Qg5+ Kf8 25. Qh6+ Kg8 26.
Qg5+ Kf8 27. Qh6+ Kg8 28. Qg5+ 1/2-1/2

[Event "*** Titled Tuesday Blitz"]
[Site "Chess.com"]
[Date "2021.02.09"]
[Round "6"]
[White "csati17"]
[Black "alexrustemov"]
[Result "0-1"]
[WhiteElo "2574"]
[BlackElo "2763"]
[TimeControl "180+1"]
[EndTime "11:05:29 PST"]
[Termination "alexrustemov won by resignation"]

1. c4 c5 2. Nc3 g6 3. g3 Bg7 4. Bg2 Nc6 5. e3 Bxc3 6. dxc3 Qc7 7. Ne2 b6 8. O-O Bb7 9. e4 d6 10. Nf4 e6 11. Nd3 Nf6 12. Bg5 Nd7 13. f4 f6 14.
Bh4 O-O-O 15. f5 exf5 16. g4 g5 17. Bf2 f4 18. Ne1 Nde5 19. b3 h5 20. gxh5 Qf7 21. Bh3+ Kb8 22. Bg4 Nxg4 23. Qxg4 Ne5 0-1

[Event "*** Titled Tuesday Blitz"]
[Site "Chess.com"]
[Date "2021.02.09"]
[Round "6"]
[White "SirStrateg"]
[Black "leoduarte"]
[Result "1-0"]
[WhiteElo "2582"]
[BlackElo "2388"]
[TimeControl "180+1"]
[EndTime "11:05:29 PST"]
[Termination "SirStrateg won by resignation"]

1. d4 d5 2. Bf4 Nf6 3. e3 Bf5 4. c4 c6 5. Nc3 e6 6. Qb3 Qc8 7. Rc1 dxc4 8. Bxc4 Be7 9. Nf3 O-O 10. h3 Nbd7 11. O-O a6 12. a4 Qd8 13. Qxb7 c5 14. d5 exd5 15. Nxd5 Nxd5 16. Bxd5 Rc8 17. Rfd1 Qb6 18.
Bxf7+ Kxf7 19. Rxd7 Qxb7 20. Rxb7 Rfe8 21. Bd6 Be4 22.
Ng5+ 1-0

[Event "*** Titled Tuesday Blitz"]
[Site "Chess.com"]
[Date "2021.02.09"]
[Round "6"]
[White "garicradomir"]
[Black "Skat2704"]
[Result "0-1"]
[WhiteElo "2224"]
[BlackElo "2525"]
[TimeControl "180+1"]
[EndTime "11:05:30 PST"]
[Termination "Skat2704 won by resignation"]

1. e4 c5 2. Nf3 Nc6 3. Bb5 e6 4. O-O Nge7 5. Re1 a6 6. Bf1 Ng6 7. c3 Be7 8. d4 cxd4 9. cxd4 d5 10. exd5 exd5 11. Nc3 O-O 12. g3 Be6 13. Bg2 Rc8 14. h4 Bg4 15. Be3 b5 16. Qd2 Bb4 17. a3 Bxc3 18.
bxc3 Na5 19. Ne5 Nxe5 20. dxe5 Nb3 21. Qxd5 Qxd5 22. Bxd5 Nxa1 23. Rxa1 Rxc3 24. a4 b4 25. a5 Rd8 26. Bb7 Rd1+ 27. Rxd1 Bxd1 28. Bxa6 b3 29. Bd4 b2 30. Bxc3 b1=Q 31. Kg2 Qe4+ 32. Kg1 Qc6 0-1

[Event "*** Titled Tuesday Blitz"]
[Site "Chess.com"]
[Date "2021.02.09"]
[Round "6"]
[White "alejogarcia1999"]
[Black "Taktikmonster"]
[Result "1-0"]
[WhiteElo "2447"]
[BlackElo "2278"]
[TimeControl "180+1"]
[EndTime "11:05:36 PST"]
[Termination "alejogarcia1999 won by resignation"]

1. Nf3 c5 2. g3 g6 3. Bg2 Bg7 4. O-O Nc6 5. c3 e5 6. e4 Nge7 7. d3 O-O 8. Nbd2 d6 9. a3 h6 10. b4 b6 11. Bb2 Be6 12. Nc4 d5 13. exd5 Nxd5 14. Qe2 Re8 15. b5 Na5 16. Nfxe5 Bf5 17. Qf3 Bxe5 18. Qxd5 Qxd5 19. Bxd5 Bxd3 20. Nxe5 Bxf1 21.
Kxf1 Rad8 22. Bxf7+ Kg7 23. Bxe8 Rxe8 24. c4 Rd8 1-0

[Event "*** Titled Tuesday Blitz"]
[Site "Chess.com"]
[Date "2021.02.09"]
[Round "6"]
[White "MrTattaglia"]
[Black "aa175"]
[Result "1-0"]
[WhiteElo "2798"]
[BlackElo "2612"]
[TimeControl "180+1"]
[EndTime "11:05:37 PST"]
[Termination "MrTattaglia won by resignation"]

1. e4 c5 2. Nf3 d6 3. Nc3 Nf6 4.
Bb5+ Nbd7 5. O-O a6 6. Bxd7+ Bxd7 7. Re1 e5 8. d3 Be7 9. a4 O-O 10. a5 Bc6 11. Nd2 b5 12. axb6 Qxb6 13. Nc4 Qc7 14. Bg5 h6 15. Bh4 Rfb8 16. b3 a5 17. Rf1 a4 18. bxa4 Nxe4 19. Bxe7 Nxc3 20. Bxd6 Qd7 21.
Qe1 Bxg2 22. Qxc3 Bd5 23. Qxe5 Bxc4 24. Bxb8 Bd5 25. Rfe1 f6 26. Qe8+ Qxe8 27. Rxe8+ Kf7 28. Rd8 Be6 29. Re1 1-0

[Event "*** Titled Tuesday Blitz"]
[Site "Chess.com"]
[Date "2021.02.09"]
[Round "6"]
[White "Maksimus1998"]
[Black "wannabe2700"]
[Result "0-1"]
[WhiteElo "2494"]
[BlackElo "2762"]
[TimeControl "180+1"]
[EndTime "11:05:39 PST"]
[Termination "wannabe2700 won by resignation"]

1. e4 c6 2. d4 d5 3. exd5 cxd5 4. Nf3 Nc6 5. Ne5 a6 6. Nxc6 bxc6 7. Bd3 Nf6 8. O-O Bg4 9. Qe1 e6 10. Nd2 c5 11. dxc5 Bxc5 12. Nb3 Bd6 13. h3 Bh5 14. Bg5 h6 15. Bh4 O-O 16. Qe3 e5 17. Rfe1 e4 18. Be2 Bxe2 19. Rxe2 Be5 20. c3 Qc7 21. Bxf6 Bxf6 22. Rd1 Rfd8 23. Qc5 Qf4 24. Rxd5 Rxd5 25. Qxd5 Rd8 26. Rxe4 Rxd5 27. Rxf4 Rd1+ 28. Kh2 Be5 29. g3 Bxf4 30. gxf4 Rb1 31. Nc5 Rxb2 32. Nxa6 Rxa2 33. Nc5 Rxf2+ 34. Kg3 Rc2 35. Ne4 f5 36. Nd6 g6 37.
c4 Kf8 0-1

[Event "*** Titled Tuesday Blitz"]
[Site "Chess.com"]
[Date "2021.02.09"]
[Round "6"]
[White "Synctel"]
[Black "Stormeman100100"]
[Result "0-1"]
[WhiteElo "2025"]
[BlackElo "2527"]
[TimeControl "180+1"]
[EndTime "11:05:45 PST"]
[Termination "Stormeman100100 won by resignation"]

1. e4 c5 2. Ne2 d6 3. g3 Nf6 4.
Bg2 Nc6 5. c3 g6 6. d4 cxd4 7.
cxd4 Bg4 8. Nbc3 Bg7 9. h3 Bxe2 10. Nxe2 O-O 11. O-O Rc8 12. Be3 Na5 13. b3 Nc6 14. d5 Nb4 15. Nd4 Nd7 16. a3 Na6 17. b4 Nb6 18. Qe2 Nc4 19. Rfc1 Nxe3 20. Qxe3 Qb6 21.
Nc2 Qxe3 22. Nxe3 Bxa1 23. Rxa1 Rc3 24. Bf1 Rfc8 25. b5 0-1

[Event "*** Titled Tuesday Blitz"]
[Site "Chess.com"]
[Date "2021.02.09"]
[Round "6"]
[White "SARGISMV"]
[Black "Meri-Arabidze"]
[Result "1/2-1/2"]
[WhiteElo "2438"]
[BlackElo "2598"]
[TimeControl "180+1"]
[EndTime "11:05:47 PST"]
[Termination "Game drawn by repetition"]

1. d4 d5 2. c4 e6 3. Nf3 Nf6 4. Nc3 Nbd7 5. Bf4 dxc4 6. e4 Bb4 7. e5 Nd5 8. Bd2 Bxc3 9. bxc3 b5 10. a4 c6 11. h4 h6 12. Rh3 N7b6 13. axb5 cxb5 14.
Rg3 g6 15. Qc1 h5 16. Ng5 Bb7 17. Qb1 Qd7 18. Be2 a6 19. Bf3 O-O-O 20. Ne4 Qc6 21. Nc5 Nd7 22. Ne4 N7b6 23. Nc5 Nd7 24. Ne4 N7b6 1/2-1/2

[Event "*** Titled Tuesday Blitz"]
[Site "Chess.com"]
[Date "2021.02.09"]
[Round "6"]
[White "skoularikii"]
[Black "Arseniy_Nesterov"]
[Result "0-1"]
[WhiteElo "2502"]
[BlackElo "2804"]
[TimeControl "180+1"]
[EndTime "11:05:58 PST"]
[Termination "Arseniy_Nesterov won by resignation"]

1. e4 e5 2. Nf3 Nc6 3. Bc4 Bc5 4. Nc3 Nf6 5. d3 d6 6. Ne2 Bg4 7. Ng3 Nd4 8. c3 Nxf3+ 9. gxf3 Be6 10. Qb3 Bxc4 11.
Qxc4 Qd7 12. d4 Bb6 13. Bg5 exd4 14. Bxf6 gxf6 15. cxd4 d5 16. exd5 O-O-O 17. O-O-O Qxd5 18. Qxd5 Rxd5 19. Rhe1 Rxd4 20. Rxd4 Bxd4 21. Re7 Rf8 22. Ne4 Kd8 0-1

[Event "*** Titled Tuesday Blitz"]
[Site "Chess.com"]
[Date "2021.02.09"]
[Round "6"]
[White "Gusarov91"]
[Black "ridnani2021"]
[Result "1-0"]
[WhiteElo "2234"]
[BlackElo "2343"]
[TimeControl "180+1"]
[EndTime "11:05:59 PST"]
[Termination "Gusarov91 won by checkmate"]

1. e4 c5 2. Nf3 d6 3. Bb5+ Bd7 4. a4 a6 5. Bxd7+ Qxd7 6. O-O Nc6 7. Re1 e6 8. c3 Nf6 9. d4 cxd4 10. cxd4 Be7 11. d5 Ne5 12. dxe6 Qxe6 13. Nd4 Qd7 14. Nc3 O-O 15. Bf4 Ng6 16. Bg3 Rac8 17. Nf5 Rfd8 18. Qb3 Bf8 19. Rad1 Qc6 20. h3 Ne5 21. Bh4 Ned7 22.
Nd5 Qc4 23. Qxb7 Rb8 24. Qa7 Rxb2 25. Nxf6+ Nxf6 26. Bxf6 gxf6 27. Re3 Rc2 28. Rg3+ Kh8 29. Ne3 Qc5 30. Qxf7 Rc1 31. Qg8# 1-0

[Event "*** Titled Tuesday Blitz"]
[Site "Chess.com"]
[Date "2021.02.09"]
[Round "6"]
[White "DenLaz"]
[Black "Sjakkerntobi"]
[Result "1-0"]
[WhiteElo "2781"]
[BlackElo "2304"]
[TimeControl "180+1"]
[EndTime "11:06:08 PST"]
[Termination "DenLaz won by resignation"]

1. d4 e6 2. c4 Nf6 3. Nf3 c5 4. d5 exd5 5. cxd5 d6 6. Nc3 g6 7. h3 Bg7 8. e4 O-O 9. Bd3 b5 10. Bxb5 Nxe4 11. Nxe4 Qa5+ 12. Nfd2 Qxb5 13. Nxd6 Qd7 14.
N2c4 Ba6 15. O-O Rd8 16. Re1 Bf8 17. Bf4 Bxc4 18. Nxc4 Na6 19. d6 Rab8 20. b3 Nb4 21. Qd2 Qf5 22. Be5 Nc2 23. g4 Nxe1 24. Rxe1 Qd7 25.
Qf4 Bg7 26. Bxg7 Kxg7 27. Re7 1-0

[Event "*** Titled Tuesday Blitz"]
[Site "Chess.com"]
[Date "2021.02.09"]
[Round "6"]
[White "MartinMatthiesen"]
[Black "paladin_ll"]
[Result "1-0"]
[WhiteElo "2386"]
[BlackElo "2155"]
[TimeControl "180+1"]
[EndTime "11:06:10 PST"]
[Termination "MartinMatthiesen won by resignation"]

1. d4 Nf6 2. c4 c5 3. d5 b5 4. cxb5 a6 5. bxa6 Bxa6 6. Nc3 d6 7. e4 Bxf1 8. Kxf1 g6 9. Nf3 Bg7 10. g3 O-O 11. Kg2 Nbd7 12. a4 Rb8 13. Ra3 Ng4 14.
Nb5 Nge5 15. Nd2 c4 16. f4 Nd3 17. Nxc4 Nxc1 18. Qxc1 Nc5 19. Qc2 Qd7 20. b3 Rfc8 21. h3 h5 22. Rd1 Qb7 23. Kh2 Qd7 24. Qe2 Qb7 25. Na5 Qd7 26. Nc6 Rxc6 27. dxc6 Qxc6 28. Rd5 f5 29. Qc4 fxe4 30. Rxc5+ 1-0

[Event "*** Titled Tuesday Blitz"]
[Site "Chess.com"]
[Date "2021.02.09"]
[Round "6"]
[White "lamomiablanca"]
[Black "WonderChampion"]
[Result "1-0"]
[WhiteElo "2270"]
[BlackElo "2060"]
[TimeControl "180+1"]
[EndTime "11:06:16 PST"]
[Termination "lamomiablanca won by resignation"]

1. e4 c5 2. d3 g6 3. g3 Bg7 4. Bg2 e6 5. f4 Ne7 6. Nf3 O-O 7. O-O Nbc6 8. c3 d5 9. a4 a5 10. Na3 Bd7 11. e5 Nf5 12. Qe2 d4 13. Nc4 h5 14.
Bd2 dxc3 15. bxc3 h4 16. g4 Nh6 17. h3 Qe7 18. Rfb1 Rab8 19. Rb6 Rfc8 20. Nd6 Rc7 21. Rab1 Bc8 22. Ng5 f6 23. Nf3 fxe5 24. fxe5 Bxe5 25. Nxe5 Qxd6 26. Nxc6 Ra8 27. Ne5 Qe7 28. Bxh6 Bd7 29.
Rxb7 1-0

[Event "*** Titled Tuesday Blitz"]
[Site "Chess.com"]
[Date "2021.02.09"]
[Round "6"]
[White "TomasKapitanchuk"]
[Black "siciliannaga"]
[Result "1-0"]
[WhiteElo "2516"]
[BlackElo "2779"]
[TimeControl "180+1"]
[EndTime "11:06:18 PST"]
[Termination "TomasKapitanchuk won by resignation"]

1. e4 Nf6 2. e5 Nd5 3. d4 Nb6 4. Nf3 d6 5. exd6 exd6 6. Bd3 Be7 7. h3 O-O 8. O-O Re8 9. Nc3 Be6 10. Bf4 Nc6 11. d5 Nxd5 12. Nxd5 Bxd5 13. Bxh7+ Kxh7 14. Qxd5 Qd7 15. Qxf7 Rf8 16. Ng5+ Bxg5 17. Qxd7 Bxf4 18. c3 Rac8 19. Rfe1 Ne5 20. Qb5 b6 21. Qe2 Kg8 22. Qh5 Rf6 23. Re2 Rcf8 24. Re4 Bh6 25. Qe2 g5 26. Rd1 Bg7 27. Rd2 R8f7 28. Rxe5 dxe5 29. Rd8+ Kh7 30. Qh5+ Bh6 31. Rd2 Kg7 32. Re2 Re7 33. Re4 Rd6 34. Qe2 Kf6 35. Re3 g4 36. Rg3 gxh3 37. Rxh3 Bg7 38. Rf3+ Ke6 39. Qc4+ Kd7 40.
Qa4+ Ke6 41. Rg3 c6 42. Qg4+ Kf7 43. Qxg7+ 1-0

[Event "*** Titled Tuesday Blitz"]
[Site "Chess.com"]
[Date "2021.02.09"]
[Round "6"]
[White "LogoCzar"]
[Black "Grineva_Marianna"]
[Result "0-1"]
[WhiteElo "2385"]
[BlackElo "2224"]
[TimeControl "180+1"]
[EndTime "11:06:20 PST"]
[Termination "Grineva_Marianna won by resignation"]

1. d4 d6 2. e4 Nf6 3. Nc3 g6 4. f4 Bg7 5. Nf3 c5 6. dxc5 Qa5 7. Bd3 Qxc5 8. Qe2 Bg4 9. Be3 Qa5 10. O-O O-O 11.
Rad1 Nc6 12. h3 Bxf3 13. Qxf3 Nb4 14. Bc4 Nxc2 15. Bf2 Nb4 16. e5 dxe5 17. fxe5 Qxe5 18. Rfe1 Qc7 19. Bb3 Rad8 20. Rc1 Nd3 21. Nd5 Nxe1 22. Nxc7 Nxf3+ 23. gxf3 Rd2 24. Bxa7 Rxb2 25. Bd4 Rd2 26. Bc5 Nh5 27. Rc2 Rxc2 28. Bxc2 Rc8 29. Bb6 Nf4 30. Be4 Ne2+ 31. Kf2 Nc3 32. Ba5 Nxe4+ 33. fxe4 Bd4+ 34.
Ke2 b6 35. Nb5 bxa5 36. Nxd4 e5 37. Nf3 Rc2+ 38. Kd3 Rxa2 39. Nxe5 Ra3+ 40. Kc4 Rxh3 41.
Kb5 Re3 42. Ng4 Re1 43. Kxa5 Kg7 44. Kb4 Rxe4+ 0-1

[Event "*** Titled Tuesday Blitz"]
[Site "Chess.com"]
[Date "2021.02.09"]
[Round "6"]
[White "niki_2003"]
[Black "Artem_Koval"]
[Result "0-1"]
[WhiteElo "2044"]
[BlackElo "2259"]
[TimeControl "180+1"]
[EndTime "11:06:23 PST"]
[Termination "Artem_Koval won by checkmate"]

1. d4 Nf6 2. c4 e5 3. dxe5 Ng4 4. Nf3 Bc5 5. e3 Nc6 6. a3 a5 7. Nc3 Ngxe5 8. b3 O-O 9. Bb2 Re8 10. Be2 Nxf3+ 11.
Bxf3 Ne5 12. O-O Ra6 13. Ne4 Ba7 14. b4 Rh6 15. g3 Nxc4 16. Bc3 Ne5 17. Bg2 d5 18. Nc5 c6 19. Nb3 Bg4 20. Qc2 Qg5 21. f4 Bxe3+ 22. Kh1 Qh5 23. Be4 dxe4 24. Qxe4 Qxh2# 0-1

[Event "*** Titled Tuesday Blitz"]
[Site "Chess.com"]
[Date "2021.02.09"]
[Round "6"]
[White "Manukyan_Artak"]
[Black "FMalexhdez"]
[Result "0-1"]
[WhiteElo "2347"]
[BlackElo "2189"]
[TimeControl "180+1"]
[EndTime "11:06:27 PST"]
[Termination "FMalexhdez won by resignation"]

1. e4 c5 2. Nf3 d6 3. Bb5+ Bd7 4.
Bxd7+ Qxd7 5. c4 Nc6 6. O-O Nd4 7. Nxd4 cxd4 8. d3 g6 9. f4 Bg7 10. f5 e6 11. fxe6 fxe6 12. Bg5 h6 13. Bh4 h5 14. Nd2 Ne7 15. Nf3 O-O 16. b4 Nc6 17. b5 Ne5 18. Nxe5 Bxe5 19. a4 Kg7 20. a5 d5 21. a6 b6 22. cxd5 exd5 23. Qb3 dxe4 24. dxe4 d3 25. Rad1 Rxf1+ 26. Rxf1 d2 27. Rd1 Rc8 28. Bg5 Qd4+ 29. Qe3 Rc1 30. Bh6+ Kh7 0-1

[Event "*** Titled Tuesday Blitz"]
[Site "Chess.com"]
[Date "2021.02.09"]
[Round "6"]
[White "ChessWarrior7197"]
[Black "emperor87"]
[Result "1-0"]
[WhiteElo "2953"]
[BlackElo "2714"]
[TimeControl "180+1"]
[EndTime "11:06:31 PST"]
[Termination "ChessWarrior7197 won by resignation"]

1. e4 e5 2. Nf3 Nc6 3. Bc4 Nf6 4. Ng5 d5 5. exd5 Na5 6. Bb5+ c6 7. dxc6 bxc6 8. Bd3 Nd5 9. Nf3 Bd6 10. O-O O-O 11.
Re1 Qc7 12. c4 Nf4 13. Bf1 c5 14. Nc3 Bb7 15. Nb5 Qd7 16. d3 Rae8 17. Nxd6 Qxd6 18. Nxe5 Nh3+ 19. gxh3 Rxe5 20. Bf4 Qc6 21. f3 Rxe1 22.
Qxe1 Qxf3 23. Qe3 Qh1+ 24. Kf2 g5 25. Bd6 Rd8 26. Qxg5+ 1-0

[Event "*** Titled Tuesday Blitz"]
[Site "Chess.com"]
[Date "2021.02.09"]
[Round "6"]
[White "FMKonstantin_Twitch"]
[Black "Deepweb2020"]
[Result "1-0"]
[WhiteElo "2627"]
[BlackElo "2469"]
[TimeControl "180+1"]
[EndTime "11:06:36 PST"]
[Termination "FMKonstantin_Twitch won by resignation"]

1. d4 Nf6 2. Bf4 e6 3. e3 c5 4.
c3 d5 5. Nd2 Bd6 6. Bg3 Qc7 7.
Ngf3 Nbd7 8. Bd3 O-O 9. O-O Bxg3 10. hxg3 e5 11. e4 Re8 12. dxe5 Nxe5 13. Nxe5 Qxe5 14. Nf3 Qh5 15. exd5 Qxd5 16. Bb5 Rd8 17. Qxd5 Rxd5 18. Bc4 Rd8 19. Ng5 Rf8 20. Rfe1 h6 21. Nxf7 Rxf7 22. Re7 Bf5 23. Rxf7 Kh7 24. Rxb7 Rd8 25. Re1 Rd2 26. f3 Kg6 27. Ree7 Bd7 28. Bf7+ Kf5 29. Rbxd7 Nxd7 30. Be6+ Kf6 31. Rxd7 Rxb2 32. Bb3 a5 33. Rd6+ Ke5 34.
Rd5+ Kf6 35. Rxc5 1-0

[Event "*** Titled Tuesday Blitz"]
[Site "Chess.com"]
[Date "2021.02.09"]
[Round "6"]
[White "PotapovaM"]
[Black "Kurkusha"]
[Result "1-0"]
[WhiteElo "2628"]
[BlackElo "2350"]
[TimeControl "180+1"]
[EndTime "11:06:37 PST"]
[Termination "PotapovaM won by resignation"]

1. d4 d5 2. c4 e6 3. Nf3 Nf6 4. g3 Bb4+ 5. Bd2 Bd6 6. Nc3 Nbd7 7. Bg2 c6 8. Bg5 dxc4 9. e4 e5 10. O-O O-O 11. Qc2 h6 12. Be3 b5 13. Rad1 Qe7 14.
dxe5 Nxe5 15. Nd4 Bc5 16. h3 Bb7 17. Nf5 Qe6 18. Bxc5 Rfd8 19. Nd4 Qe8 20. Nf5 Nd3 21. Be7 Rd7 22. Bxf6 gxf6 23. Qd2 Qf8 24. Nxh6+ Kh7 25. Nf5 Rad8 26. Qe2 Kg6 27. Qg4+ 1-0

[Event "*** Titled Tuesday Blitz"]
[Site "Chess.com"]
[Date "2021.02.09"]
[Round "6"]
[White "Sergey85Rodchenkov"]
[Black "NaciSAN"]
[Result "1-0"]
[WhiteElo "2486"]
[BlackElo "2304"]
[TimeControl "180+1"]
[EndTime "11:06:37 PST"]
[Termination "Sergey85Rodchenkov won by resignation"]

1. e4 e5 2. Nf3 Nc6 3. Bc4 Bc5 4. d3 Nf6 5. O-O a6 6. c3 h6 7.
Nbd2 d6 8. Re1 Ba7 9. Bb3 O-O 10. Nf1 Ng4 11. d4 Qe7 12. h3 Nf6 13. Ng3 Be6 14. d5 Bxh3 15. gxh3 Nd8 16. Kg2 Kh7 17. Be3 g6 18.
Bc2 Bb8 19. c4 Ng8 20. Qd2 f6 21. h4 h5 22. b4 Nf7 23. c5 Nfh6 24. Nh2 f5 25. Bg5 Qf7 26. f3 Ba7 27. Bb3 fxe4 28. Nxe4 Nf5 29. Rac1 Rac8 30. cxd6 cxd6 31. Rxc8 Rxc8 32.
Rc1 Nxh4+ 33. Bxh4 1-0

[Event "*** Titled Tuesday Blitz"]
[Site "Chess.com"]
[Date "2021.02.09"]
[Round "6"]
[White "exoticprincess"]
[Black "sorrm8thatscheckm8"]
[Result "1-0"]
[WhiteElo "2852"]
[BlackElo "2593"]
[TimeControl "180+1"]
[EndTime "11:06:41 PST"]
[Termination "exoticprincess won by checkmate"]

1. d4 Nf6 2. Nc3 d5 3. Bf4 g6 4.
Qd2 c6 5. Nf3 Bg7 6. Bh6 Bxh6 7.
Qxh6 b5 8. a3 Qa5 9. b4 Qb6 10. e3 a5 11. Rb1 axb4 12. axb4 Ra3 13. Nd1 Bf5 14. Bd3 Bxd3 15. cxd3 Rxd3 16. O-O Ra3 17. Nb2 Nbd7 18. Rfc1 Rb3 19. h3 Rxb4 20. Nd3 Rxb1 21. Rxb1 c5 22. dxc5 Nxc5 23. Rc1 Nxd3 24.
Rc8+ Kd7 25. Rxh8 Qc5 26. Qf8 Qc1+ 27. Kh2 Nxf2 28. Qd8+ Ke6 29. Nd4+ Ke5 30. Qxe7# 1-0

[Event "*** Titled Tuesday Blitz"]
[Site "Chess.com"]
[Date "2021.02.09"]
[Round "6"]
[White "ural58"]
[Black "Szparu"]
[Result "1-0"]
[WhiteElo "2493"]
[BlackElo "2666"]
[TimeControl "180+1"]
[EndTime "11:06:49 PST"]
[Termination "ural58 won by resignation"]

1. e4 c5 2. b3 Nc6 3. Bb2 d6 4. Bb5 Bd7 5. Ne2 a6 6. Bxc6 Bxc6 7. d3 e6 8. f4 f5 9. Ng3 Nf6 10. Qe2 fxe4 11. dxe4 Qa5+ 12. Nc3 O-O-O 13. O-O-O Be7 14. e5 dxe5 15. Qxe5 Bd7 16. Kb1 h5 17. Rhe1 h4 18.
Nge4 Rh5 19. Ng5 Qc7 20. Qe3 Ng4 21. Qf3 e5 22. Nf7 Rf8 23. Nd5 Bc6 24. Qxg4+ 1-0

[Event "*** Titled Tuesday Blitz"]
[Site "Chess.com"]
[Date "2021.02.09"]
[Round "6"]
[White "Joseacorrea"]
[Black "Guzman70"]
[Result "1/2-1/2"]
[WhiteElo "2011"]
[BlackElo "2245"]
[TimeControl "180+1"]
[EndTime "11:06:49 PST"]
[Termination "Game drawn by repetition"]

1. c4 e5 2. Nc3 Bb4 3. Nd5 Be7 4. Nxe7 Qxe7 5. g3 f5 6. Bg2 Nf6 7. e3 O-O 8. Ne2 d6 9. O-O Nc6 10. d4 e4 11. a3 d5 12. cxd5 Nxd5 13. Nc3 Nxc3 14.
bxc3 Be6 15. Qa4 Qf7 16. Rb1 Bc4 17. Rxb7 Bxf1 18. Bxf1 Qf6 19. Rxc7 Rfc8 20. Bc4+ Kh8 21. Rf7 Qg6 22. Bd5 Rab8 23. Bd2 Rb1+ 24. Kg2 Qh5 25. Qxc6 Qf3+ 26. Kh3 Qg4+ 27. Kg2 Qf3+ 28. Kh3 Qg4+ 29.
Kg2 Qf3+ 1/2-1/2

[Event "*** Titled Tuesday Blitz"]
[Site "Chess.com"]
[Date "2021.02.09"]
[Round "6"]
[White "KarateBaby"]
[Black "hypert"]
[Result "0-1"]
[WhiteElo "2401"]
[BlackElo "2518"]
[TimeControl "180+1"]
[EndTime "11:06:51 PST"]
[Termination "hypert won by resignation"]

1. b3 d5 2. Bb2 Bf5 3. e3 e6 4. h3 h6 5. Nc3 Nf6 6. Nf3 Be7 7. d4 Bh7 8. Bd3 Bxd3 9. cxd3 c6 10. O-O O-O 11. Re1 Nbd7 12. e4 b5 13. a3 Qb6 14.
Qe2 a5 15. a4 Bb4 16. Rac1 Rac8 17. Red1 Rfe8 18. Nb1 Qa6 19. Nbd2 Nb6 20. axb5 cxb5 21.
Ne5 a4 22. Nc6 Bxd2 23. Qxd2 axb3 24. Qb4 Na4 25. Ne7+ Rxe7 26. Qxe7 Nxb2 27. Rxc8+ Qxc8 28. Re1 Nxd3 29. Re3 b2 30. Qb4 0-1

[Event "*** Titled Tuesday Blitz"]
[Site "Chess.com"]
[Date "2021.02.09"]
[Round "6"]
[White "Noam_Vitenberg"]
[Black "Grandmaster1369"]
[Result "0-1"]
[WhiteElo "2396"]
[BlackElo "2205"]
[TimeControl "180+1"]
[EndTime "11:06:51 PST"]
[Termination "Grandmaster1369 won by checkmate"]

1. Nc3 Nf6 2. e4 d5 3. e5 d4 4. exf6 dxc3 5. fxg7 cxd2+ 6. Bxd2 Bxg7 7. c3 Be6 8. Nf3 Nc6 9. Bb5 Qd6 10. Be3 Bf6 11. O-O Rg8 12. Qxd6 cxd6 13. Rfe1 Bd5 14. Be2 Ne5 15. Nxe5 Rxg2+ 16. Kf1 Bxe5 17. Bb5+ Kd8 18. c4 Bf3 19. Reb1 Rxh2 20. Ke1 Bxb2 21. Rxb2 Rh1+ 22. Kd2 Rxa1 23. Bd4 Bh5 24. Ba4 b6 25. Bc6 Rc8 26.
Bd5 e6 27. Bf6+ Kd7 28. Bb7 Rxc4 29. Rb5 Rd1+ 30. Ke3 d5 31. Rb2 Re4# 0-1

[Event "*** Titled Tuesday Blitz"]
[Site "Chess.com"]
[Date "2021.02.09"]
[Round "6"]
[White "PSvidler"]
[Black "GM_Huschenbeth"]
[Result "1-0"]
[WhiteElo "2889"]
[BlackElo "2627"]
[TimeControl "180+1"]
[EndTime "11:06:54 PST"]
[Termination "PSvidler won on time"]

1. Nf3 d5 2. g3 Nf6 3. Bg2 c5 4. O-O e6 5. d4 cxd4 6. Nxd4 e5 7.
Nb3 Nc6 8. Bg5 Be6 9. Bxf6 gxf6 10. e3 Qd7 11. Nc3 O-O-O 12. Qe2 Bb4 13. Rfd1 Bxc3 14. bxc3 Qc7 15. c4 dxc4 16. Nc5 Na5 17. Nxe6 fxe6 18.
Qh5 f5 19. e4 f4 20. Bh3 Kb8 21. Bxe6 Rd6 22. Bd5 Nc6 23. c3 fxg3 24. hxg3 Rhd8 25. Bxc4 Na5 26. Rxd6 Rxd6 27. Bd5 Qxc3 28. Rb1 Qc7 29.
Qxe5 a6 30. Kg2 1-0

[Event "*** Titled Tuesday Blitz"]
[Site "Chess.com"]
[Date "2021.02.09"]
[Round "6"]
[White "Rodalquilar"]
[Black "rpragchess"]
[Result "0-1"]
[WhiteElo "2677"]
[BlackElo "2864"]
[TimeControl "180+1"]
[EndTime "11:06:56 PST"]
[Termination "rpragchess won by resignation"]

1. d4 d6 2. e4 Nf6 3. Nc3 g6 4. Nf3 Bg7 5. Be2 O-O 6. O-O Nc6 7. h3 e5 8. dxe5 dxe5 9. Be3 Be6 10. Ng5 Nd4 11. Nxe6 fxe6 12. Bc4 Kh8 13. f3 Nh5 14.
Ne2 Qf6 15. c3 Nxe2+ 16. Qxe2 Ng3 17. Qf2 Nxf1 18. Rxf1 g5 19. Qg3 Bh6 20. Qg4 Rae8 21. Qh5 Rg8 22. a4 a6 23. a5 Qg6 24. Qxg6 Rxg6 25.
Rd1 Bf8 26. Rd7 Bd6 27. b4 h6 28. Kf2 Rg7 29. Rxg7 Kxg7 30. Bb3 Kf6 31. c4 Bxb4 0-1

[Event "*** Titled Tuesday Blitz"]
[Site "Chess.com"]
[Date "2021.02.09"]
[Round "6"]
[White "sbouchet"]
[Black "anantone"]
[Result "0-1"]
[WhiteElo "2338"]
[BlackElo "2565"]
[TimeControl "180+1"]
[EndTime "11:06:56 PST"]
[Termination "anantone won by resignation"]

1. e4 c5 2. c3 d5 3. exd5 Qxd5 4. d4 Nf6 5. Nf3 Nc6 6. Be2 Bf5 7. Na3 cxd4 8. Nb5 O-O-O 9. Nbxd4 Nxd4 10. Nxd4 e5 11. Bf3 Be4 12. Nb3 Qxd1+ 13. Bxd1 Bxg2 14. Rg1 Bc6 15. Be3 Nd5 16. Bd2 g6 17. Na5 f5 18. Nxc6 bxc6 19. c4 Nb4 20. Ba4 Kb7 21. O-O-O Nd3+ 22. Kb1 Nxf2 0-1